AoeStats
← IccCce

Arena

507681315Analyzed
4v4 RM · 13d ago on Sep 19, 2026· 61m 50s· 8 players
Game mode
Random Map
Map size
Large (8 player)
Population
200
Speed
Normal
Resources
Standard
Victory
Conquest
Starting age
Dark Age
Ending age
Imperial Age
RankedLock teamsTeams togetherTeam positionsShared explorationLock speedFull tech treeHidden civsTurbo modeCheats
Victory
Defeat
🇹🇼 Celts · Taiwan
1118
+14
🇨🇳 Turks · China
1072
+16
🇺🇸 Slavs · United States
1067
+16
🇮🇳 Spanish · India
1061
+16
🇨🇳 Hindustanis · China
1093
-17
🇨🇳 Spanish · China
1072
-16
🇨🇳 Britons · China
1067
-15
🇨🇳 Huns · China
1043
-14
jordham22
10:28 Feudal Age
15:16 Castle Age
14:05 Double-Bit Axe
16:57 Horse Collar
17:29 Bow Saw
20:56 Wheelbarrow
20:06 Loom
20:07 Town Watch
20:59 Gold Mining
21:00 Stone Mining
21:13 Heavy Plow
23:20 Gold Shaft Mining
27:14 Imperial Age
27:28 Hand Cart
27:13 Town Patrol
29:28 Two-Man Saw
29:00 Crop Rotation
30:46 Detinets
31:48 Fortified Wall
31:31 Elite Boyar
33:08 Murder Holes
39:03 Ballistics
38:36 Fletching
38:47 Padded Archer Armor
38:57 Forging
38:53 Scale Barding Armor
42:24 Iron Casting
42:09 Chain Barding Armor
41:45 Bodkin Arrow
42:05 Leather Archer Armor
43:42 Elite Skirmisher
48:39 Bloodlines
48:29 Husbandry
50:25 Detinets
52:06 Scale Mail Armor
53:07 Blast Furnace
52:43 Plate Barding Armor
58:06 Druzhina
58:19 Druzhina
59:25 Man-at-Arms
60:07 Long Swordsman
60:54 Squires
60:58 Two-Handed Swordsman
61:48 Scale Mail Armor
小子欸别跑
12:11 Feudal Age
16:42 Castle Age
14:32 Double-Bit Axe
14:41 Horse Collar
18:03 Stone Mining
24:51 Wheelbarrow
26:37 Loom
29:31 Imperial Age
30:47 Gold Mining
31:21 Hand Cart
32:57 Conscription
34:18 Gold Shaft Mining
36:11 Bloodlines
36:01 Husbandry
35:59 Elite Janissary
39:52 Artillery
49:51 Bow Saw
61:41 Heavy Scorpion
Null Pointer
11:43 Feudal Age
12:04 Horse Collar
12:11 Double-Bit Axe
16:18 Castle Age
18:42 Wheelbarrow
19:20 Heavy Plow
19:31 Bow Saw
19:20 Stone Mining
20:17 Loom
22:26 Gold Mining
23:17 Pikeman
Tree_Goldberg
10:34 Feudal Age
14:37 Castle Age
13:16 Double-Bit Axe
13:25 Horse Collar
17:10 Man-at-Arms
18:45 Scale Mail Armor
18:45 Gambesons
22:12 Fletching
24:12 Long Swordsman
25:53 Loom
26:12 Town Watch
31:55 Wheelbarrow
34:17 Bow Saw
36:35 Coinage
38:31 Stone Mining
38:34 Gold Mining
39:04 Hand Cart
41:41 Gold Shaft Mining
43:47 Imperial Age
41:34 Pikeman
42:32 Chain Mail Armor
42:26 Heavy Plow
42:52 Forging
44:26 Halberdier
45:44 Plate Mail Armor
45:38 Conscription
45:34 Capped Ram
46:55 Siege Engineers
47:02 Fortified Wall
47:34 Iron Casting
47:02 Siege Ram
48:13 Furor Celtica
50:03 Blast Furnace
49:30 Bodkin Arrow
49:58 Ballistics
50:39 Chemistry
49:50 Masonry
50:37 Town Patrol
50:21 Treadmill Crane
52:21 Heavy Scorpion
53:39 Hoardings
52:25 Elite Woad Raider
61:03 Murder Holes
60:59 Heated Shot
60:59 Guard Tower
60:55 Arrowslits
61:20 Clinker Construction
61:30 Shipwright
61:21 Careening
60:34 Onager
61:52 Stone Shaft Mining
60:46 Two-Handed Swordsman
61:12 Arson
62:01 Scale Barding Armor
61:57 Padded Archer Armor
62:29 Banking
62:10 Guilds
62:00 Caravan
61:56 Stronghold
61:36 Sappers
江
12:25 Feudal Age
16:38 Castle Age
16:47 Scale Mail Armor
16:36 Double-Bit Axe
16:33 Horse Collar
20:52 Arson
22:54 Chain Mail Armor
27:48 Wheelbarrow
28:10 Squires
30:43 Hand Cart
35:42 Gold Mining
35:49 Stone Mining
39:06 Imperial Age
36:53 Scale Barding Armor
37:47 Bloodlines
37:39 Husbandry
40:57 Heavy Camel Rider
46:39 Heavy Plow
48:26 Imperial Camel Rider
50:19 Conscription
52:39 Chain Barding Armor
IccCce
8:30 Feudal Age
12:55 Double-Bit Axe
14:44 Horse Collar
16:04 Stone Mining
16:33 Gold Mining
23:44 Castle Age
24:19 Elite Skirmisher
25:54 Gold Shaft Mining
29:36 Forging
29:27 Scale Mail Armor
29:33 Scale Barding Armor
29:19 Fletching
29:29 Padded Archer Armor
34:49 Imperial Age
35:02 Imperial Age
32:32 Treadmill Crane
32:51 Murder Holes
35:37 Masonry
35:41 Fortified Wall
36:06 Elite Longbowman
38:06 Squires
37:27 Pikeman
37:56 Gambesons
39:11 Bow Saw
39:06 Heavy Plow
41:01 Chemistry
40:13 Masonry
40:26 Ballistics
40:57 Wheelbarrow
41:43 Halberdier
45:51 Conscription
45:41 Warwolf
46:34 Iron Casting
46:14 Chain Mail Armor
48:55 Hand Cart
49:09 Town Watch
49:10 Loom
51:57 Architecture
53:51 Blast Furnace
53:12 Chain Barding Armor
53:08 Chain Mail Armor
53:09 Leather Archer Armor
胜利如此简单
0:44 Loom
12:45 Feudal Age
17:38 Castle Age
17:46 Pikeman
21:12 Husbandry
33:28 Imperial Age
37:05 Cavalier
38:17 Bloodlines
38:19 Scale Barding Armor
40:04 Capped Ram
42:31 Double-Bit Axe
45:11 Paladin
49:32 Forging
QAXIA
11:16 Feudal Age
12:20 Loom
15:39 Castle Age
13:40 Horse Collar
15:40 Double-Bit Axe
17:24 Heavy Plow
21:37 Gold Mining
33:20 Wheelbarrow
34:23 Town Watch
47:41 Stone Mining
Connection lost

Rejoining the realm…

Still unreachable

The connection could not be restored.

Session expired

The server has moved on; the page needs a fresh start.